 Dungeon Crawl Stone Soup version 0.27.0-1-g7a089689b8 (webtiles) character file.

Game seed: 11239189499560044182

141 voltaire321 the Chiller (level 5, 0/30 HPs)
             Began as a Deep Elf Ice Elementalist on Aug 13, 2021.
             Slain by a bullfrog skeleton (6 damage)
             ... on level 4 of the Dungeon.
             The game lasted 00:08:24 (2959 turns).

voltaire321 the Chiller (Deep Elf Ice Elementalist) Turns: 2959, Time: 00:08:25

Health: 0/30       AC:  2    Str:  6    XL:     5   Next: 3%
Magic:  22/22      EV: 13    Int: 20    God:
Gold:   71         SH:  0    Dex: 15    Spells: 8/12 levels left

rFire    . . .     SeeInvis .   d - +0 short sword
rCold    . . .     Faith    .   (no shield)
rNeg     . . .     Spirit   .   a - +0 robe
rPois    .         Reflect  .   (no helmet)
rElec    .         Harm     .   (no cloak)
rCorr    .         Rampage  .   (no gloves)
Will     .....                  (no boots)
Stlth    ++........             b - amulet of magic regeneration
HPRegen  0.10/turn              i - ring of magical power
MPRegen  0.43/turn              (no ring)

@: no status effects
A: no striking features
a: no special abilities


You were on level 4 of the Dungeon.
You visited 1 branch of the dungeon, and saw 4 of its levels.

You collected 71 gold pieces.

Inventory:

Hand Weapons
 d - a +0 short sword (weapon)
Armour
 a - a +0 robe (worn)
Jewellery
 b - an amulet of magic regeneration (around neck)
 i - a ring of magical power (left hand)
Scrolls
 e - a scroll of fear {unknown}
 g - a scroll of fog {unknown}
 h - 2 scrolls of identify {unknown}
 j - a scroll of teleportation {unknown}
Potions
 c - a potion of degeneration {unknown}
 f - 2 potions of brilliance {unknown}
 k - a potion of flight {unknown}


   Skills:
 + Level 1.6 Fighting
 + Level 3.7 Dodging
 - Level 2.4 Stealth
 + Level 4.3 Spellcasting
 + Level 5.2 Ice Magic


You had 8 spell levels left.
You knew the following spells:

 Your Spells              Type           Power      Damage    Failure   Level
a - Freeze                Ice            100%       1d11      1%          1
b - Frozen Ramparts       Ice            50%        1d7       4%          3

Your spell library contained the following spells:

 Spells                   Type           Power      Damage    Failure   Level
 Ozocubu's Armour         Ice            25%        N/A       4%          3
 Slow                     Hex            4%         N/A       19%         2
 Confusing Touch          Hex            4%         N/A       36%         3
 Vampiric Draining        Necr           2%         2d6       36%         3
 Hailstorm                Conj/Ice       14%        3d5       38%         4


Dungeon Overview and Level Annotations

Branches:
Dungeon (4/15)             Temple (0/1) D:4

Altars:

Annotations:
D:3 1 runed translucent door, freelancePsychic's ghost, weakling DrTm


Message History

The adder hisses angrily.
You see here 2 boomerangs.
A dart slug comes into view.
You see here 2 boomerangs.
Casting: Frozen Ramparts (quite dangerous; 4% risk of failure)
Confirm with . or Enter, or press ? or * to list all spells.
The spell is quite dangerous to cast (4% risk of failure)!
Continue anyway?
Casting: Frozen Ramparts (quite dangerous; 4% risk of failure)
Press: ? - help, Dir - look around, f - activate The walls around you are covered in ice.
The wall freezes the adder.
The adder seems to slow down.
You closely miss the adder.
The adder is lightly wounded.
The wall freezes the adder.
The adder barely misses you.
The wall freezes the ball python.
The ball python seems to slow down.
You hit the adder.
You kill the adder!
The wall freezes the ball python.
You kill the ball python!
You have reached level 5!
You hit the bullfrog skeleton.
The bullfrog skeleton is lightly damaged.
The bullfrog skeleton completely resists.
The wall freezes the bullfrog skeleton but does no damage.
The bullfrog skeleton hits you.
Your frozen ramparts will break if you move.
Continue? [Y]es or [N]o only, please.
Your frozen ramparts will break if you move.
Continue?
Okay, then.
Your frozen ramparts will break if you move.
Continue?
The frozen ramparts melt away as you move.
The bullfrog skeleton hits you.
Found a ring mail.
Found a stone staircase leading up.
The bullfrog skeleton hits you.
* * * LOW HITPOINT WARNING * * *
You see here a ball python corpse.
You see here 2 boomerangs.
The bullfrog skeleton hits you.
You die...

##....... ..
......... ..
#....... .#
#..w...♣ .#
#......♣♣♣♣#.#
.............# #
#.#....†##.###.#
####.#...##Z..)...#
..$.....##.@#.#####
[...#.......#..#
.<# #....<..##.#
......[.....# .#
#.#.#.......# S#
................
....#(......#.##
............#..#
>...#.......# .#


You could see a bullfrog skeleton.

Vanquished Creatures
  9 adders
  3 dart slugs
  3 orcs
  5 endoplasms
  6 giant cockroaches
  4 jackals (D:1)
  5 kobolds
  A quokka (D:2)
  6 ball pythons
  9 bats
  2 frilled lizards
  4 rats
57 creatures vanquished.

Notes
Turn   | Place    | Note
-------+----------+-------------------------------------------
     0 | D:1      | voltaire321 the Deep Elf Ice Elementalist began the quest
                  | for the Orb.
     0 | D:1      | Reached XP level 1. HP: 10/10 MP: 6/6
   307 | D:1      | Reached XP level 2. HP: 11/16 MP: 2/8
  1266 | D:2      | Reached XP level 3. HP: 20/20 MP: 7/10
  1285 | D:2      | Learned a level 3 spell: Frozen Ramparts
  1361 | D:2      | Reached skill level 1 in Fighting
  1643 | D:2      | Reached XP level 4. HP: 22/25 MP: 8/11
  1682 | D:2      | Noticed a phantom
  1996 | D:3      | Reached skill level 5 in Ice Magic
  2328 | D:3      | Found a faded altar of an unknown god.
  2602 | D:3      | Noticed freelancePsychic's ghost (weakling DrTm)
  2605 | D:3      | Found a runed translucent door.
  2895 | D:4      | Found a staircase to the Ecumenical Temple.
  2950 | D:4      | Reached XP level 5. HP: 17/30 MP: 13/13
  2959 | D:4      | Slain by a bullfrog skeleton

Illustrated notes

Levels and vault maps discovered:
D:1:      dpeg_arrival_water_temple_mockup, layout_rooms
D:2:      layout_rooms, grunt_decor_fettered, minmay_misc_feat_rugged,
          kennysheep_another_room, minmay_pentomino_x4
D:3:      layout_loops_ring, dreamdust_ecumenical_altar_statues,
          hellmonk_ghost_happy_afterlife, minmay_misc_feat_ornament,
          bh_walls_and_bars
D:4:      layout_rooms, mainiacjoe_overflow_alcove_1, minmay_temple_entry_glass,
          eino_small_chamber_without_monster, uniq_sigmund

Skill      XL: |  1  2  3  4 |
---------------+-------------+-----
Dodging        | 3 |  3.7
Fighting       | 1 |  1.6
Spellcasting   | 4 |  4.3
Ice Magic      | 5 |  5.2
Stealth        | |  2.4

Action                   |  1- 3 |  4- 6 || total
-------------------------+-------+-------++-------
Melee: Hand axe          |     3 |       ||     3
       Short sword       |     8 |    17 ||    25
 Cast: Freeze            |    51 |    20 ||    71
       Frozen Ramparts   |       |     3 ||     3
  Use: Scroll            |     1 |       ||     1
 Stab: Sleeping          |     3 |     3 ||     6
Armor: Robe              |    13 |     5 ||    18
Dodge: Dodged            |    35 |    17 ||    52
